cohdb
Replays
Latest Replays
All Replays
Popular Replays
Top Player Replays
Match Explorer
How It Works
Community
CoH3 Stats
Reddit
Sign in to upload your games and track your stats! →
Sign in with Steam
Match 45754521
Unlisted
Match 45754521
Overview
Messages
Build Orders
End
Kradschützen Motorcycle Team
250 Light Carrier
Panzergrenadier Squad
Panzergrenadier Squad
Panzergrenadier Squad
Construct Light Support Kompanie
Fire Support Elements
Flakvierling Half-track
Pak 38 Mechanized Group
Pak 38 Anti-tank Gun Team
Selects Armored Support Battlegroup
Selects Salvage Kits
Selects Veteran Gunners
MG34 Team
Construct Panzerarmee Kommand
le.IG 18 Support Gun Team
Selects Flammpanzer III Medium Tank
Walking Stuka Rocket Launcher
Panzergrenadier Squad
Armored Reserves
Selects Command Panzer IV F Medium Tank
Selects Panzer Storm
Pak 38 Anti-tank Gun Team
Tiger Heavy Tank
Pak 38 Anti-tank Gun Team
Vehicle Survival Package
Emergency Repair Kits
Rapid Advance
Selects Stuka Anti-tank Loiter
Stuka Anti-tank Loiter
Command Panzer IV F Medium Tank
Basecoh3 @ Youtube
Ermac
Garzet
[CyPu]Lord Chaos
0
0
Comments
sign in to comment!
No comments posted yet!